 Dungeon Crawl Stone Soup version 0.32-a0-868-g153ae1a8d6 (webtiles) character file.

Game seed: 6603253732171307619

270 wilfster70 the Conjurer (level 6, -1/44 HPs)
             Began as a Gnoll Conjurer on Mar 28, 2024.
             Was an Initiate of Fedhas.
             Slain by a river rat (9 damage)
             ... on level 3 of the Dungeon.
             The game lasted 00:08:55 (2989 turns).

wilfster70 the Conjurer (Gnoll Conjurer)            Turns: 2989, Time: 00:08:55

Health: -1/44      AC:  2    Str:  6    XL:     6   Next: 22%
Magic:  4/14       EV: 12    Int: 20    God:    Fedhas [......]
Gold:   105        SH:  0    Dex: 10    Spells: 8/15 levels left

rFire   . . .        a - +0 short sword (vamp)
rCold   . . .        (no shield)
rNeg    + . .        e - +0 robe
rPois   .            (no helmet)
rElec   .            (no cloak)
rCorr   .            (no gloves)
SInv    .            (no boots)
Will    .....        (no amulet)
Stlth   ++           d - ring of positive energy
HPRegen 0.27/turn    (no ring)
MPRegen 0.14/turn

%: no passive effects
@: no status effects
A: fangs 1, strong nose, distributed training
a: Renounce Religion


You were on level 3 of the Dungeon.
You worshipped Fedhas.
Fedhas was noncommittal.
You visited 1 branch of the dungeon, and saw 4 of its levels.

You collected 127 gold pieces.
You spent 22 gold pieces at shops.

Inventory:

Hand Weapons
 a - a +0 vampiric short sword (weapon)
Armour
 e - a +0 robe (worn)
Magical Staves
 f - a staff of air
Jewellery
 d - a ring of positive energy (left hand)
 l - a ring of ice
Scrolls
 c - 2 scrolls of revelation {unknown}
 h - a scroll of enchant armour {unknown}
 i - a scroll of blinking {unknown}
 j - 2 scrolls of teleportation {unknown}
 k - a scroll of butterflies {unknown}
 m - a scroll of amnesia {unknown}
Potions
 b - a potion of magic
 n - 2 potions of curing
 p - a potion of heal wounds {unknown}


   Skills:
 + Level 2.0 Fighting
 + Level 2.0 Short Blades
 + Level 2.0 Long Blades
 + Level 2.0 Axes
 + Level 2.0 Maces & Flails
 + Level 2.0 Polearms
 + Level 2.0 Staves
 + Level 2.0 Ranged Weapons
 + Level 2.0 Throwing
 + Level 2.0 Armour
 + Level 5.0 Dodging
 + Level 4.6 Stealth
 + Level 2.0 Shields
 + Level 2.0 Unarmed Combat
 + Level 5.3 Spellcasting
 + Level 7.3 Conjurations
 + Level 1.5 Hexes
 + Level 1.5 Summonings
 + Level 1.5 Necromancy
 + Level 1.5 Translocations
 + Level 1.5 Fire Magic
 + Level 1.5 Ice Magic
 + Level 1.5 Air Magic
 + Level 1.5 Earth Magic
 + Level 1.5 Alchemy
 + Level 2.1 Invocations
 + Level 2.0 Evocations
 + Level 1.7 Shapeshifting


You had 8 spell levels left.
You knew the following spells:

 Your Spells              Type           Power      Damage    Failure   Level
a - Magic Dart            Conj           100%       1d8       1%          1
b - Searing Ray           Conj           68%        2d6       1%          2
c - Iskenderun's Mystic Conj/Tloc 23%            2d6        (+2d3     19%         4

Your spell library contained the following spells:

 Spells                   Type           Power      Damage    Failure   Level
 Fulminant Prism          Conj/Alch      11%        3d8       19%         4
 Arcjolt                  Conj/Air       11%        1d21      45%         5
 Maxwell's Portable Pile  Tloc           11%        2d(7-13)  52%         4
 Maxwell's Capacitive Co  Air            5%         ∞         100%        8


Dungeon Overview and Level Annotations

Branches:
Dungeon (4/15)
 Temple: D:4-7

Altars:
Elyvilon
Fedhas

Shops:
D:3 ?

Annotations:
D:1 exclusion: downstairs
D:2 Sigmund
D:3 NotYourErnst's ghost, amateur GrWn
D:4 1 runed translucent door


Innate Abilities, Weirdness & Mutations

You have very sharp teeth.
Your uncanny sense of smell can sniff out nearby items.
Your experience applies equally to all skills.


Message History

NotYourErnst's ghost is moderately damaged.
The river rat closely misses you. NotYourErnst's ghost misses you.
Casting: Magic Dart (safe; 1% risk of failure)
Confirm with . or Enter, or press ? or * to list all spells.
Aiming: Magic Dart (safe; 1% risk of failure)
Press: ? - help, Shift-Dir - straight line, f/p - NotYourErnst's ghost
Aim: NotYourErnst's ghost (moderately damaged, 100% to hit)
The magic dart hits NotYourErnst's ghost.
NotYourErnst's ghost is heavily damaged.
The river rat closely misses you. NotYourErnst's ghost hits you.
Casting: Magic Dart (safe; 1% risk of failure)
Confirm with . or Enter, or press ? or * to list all spells.
Aiming: Magic Dart (safe; 1% risk of failure)
Press: ? - help, Shift-Dir - straight line, f/p - NotYourErnst's ghost
Aim: NotYourErnst's ghost (heavily damaged, 100% to hit)
The magic dart hits NotYourErnst's ghost but does no damage.
NotYourErnst's ghost is heavily damaged.
The river rat bites you!
NotYourErnst's ghost completely misses you.
Casting: Magic Dart (safe; 1% risk of failure)
Confirm with . or Enter, or press ? or * to list all spells.
Aiming: Searing Ray (safe; 1% risk of failure)
Press: ? - help, Shift-Dir - straight line, f/p - NotYourErnst's ghost
Aim: NotYourErnst's ghost (heavily damaged, 78% to hit)
The searing ray hits NotYourErnst's ghost.
NotYourErnst's ghost is heavily damaged. (Press . to maintain the ray.)
The river rat bites you!
* * * LOW HITPOINT WARNING * * *
NotYourErnst's ghost hits you.
* * * LOW HITPOINT WARNING * * *
The searing ray hits NotYourErnst's ghost.
NotYourErnst's ghost is heavily damaged.
The river rat closely misses you.
NotYourErnst's ghost closely misses you.
The searing ray hits NotYourErnst's ghost.
NotYourErnst's ghost is severely damaged.
The river rat bites you!
You die...
Fedhas appreciates your contribution to the ecosystem.

###.....#.....# #....#
#.......###.######....#####
#.#####.##.#.#.#.#.....#.#.
#.# #.###.#.#.#.#.#)#.#.#
#.#####....#.#.#.#.#.#.#.#.
#.##...####.#.#.#.#.#.#.#.#
#..'...'...#.#.#.#.#.#.#.#.
####...####W#.#.#.#.#.#.#.#
#...# #@#.#.#.#.#.#.#.#.
###########r#.#.#.#.#.#.#.#
#......^...#.#.#.#.#.#.#.#.
#.#####.....#.#.#.#.#.#.#.#
#.# #.+....#.#.#.#.#.#.#.#.
#.###.#.....#.#.#.#.#.#.#.#
#..........#.#.#.#.#.#.#.#.
######.....+#.#.#.#.#.#.#.#
#.....#.#.#.#.#.#.#.#.


You could see NotYourErnst's ghost and a river rat.

Vanquished Creatures
  An ogre (D:4)
  2 bombardier beetles
  4 adders (D:3)
  A dart slug (D:4)
  A ribbon worm (D:2)
  6 orcs (D:3)
  4 bats
  8 endoplasms
  2 giant cockroaches
  6 goblins
  6 hobgoblins
  3 jackals (D:1)
  3 quokkas
  6 ball pythons
  3 frilled lizards
  3 kobolds
  3 rats
62 creatures vanquished.

Notes
Turn   | Place    | Note
-------+----------+-------------------------------------------
     0 | D:1      | wilfster70 the Gnoll Conjurer began the quest for the Orb.
     0 | D:1      | Reached XP level 1. HP: 13/13 MP: 6/6
   349 | D:1      | Reached XP level 2. HP: 19/19 MP: 4/7
   354 | D:1      | Learned a level 2 spell: Searing Ray
   814 | D:2      | Reached skill level 5 in Spellcasting
   814 | D:2      | Reached XP level 3. HP: 15/25 MP: 3/9
   887 | D:2      | Found a faded altar of an unknown god.
   972 | D:2      | Noticed Sigmund
  1320 | D:2      | Reached skill level 1 in Invocations
  1482 | D:3      | Reached skill level 1 in Fighting
  1482 | D:3      | Reached skill level 1 in Short Blades
  1482 | D:3      | Reached skill level 1 in Long Blades
  1482 | D:3      | Reached skill level 1 in Axes
  1482 | D:3      | Reached skill level 1 in Maces & Flails
  1482 | D:3      | Reached skill level 1 in Polearms
  1482 | D:3      | Reached skill level 1 in Staves
  1482 | D:3      | Reached skill level 1 in Ranged Weapons
  1482 | D:3      | Reached skill level 1 in Throwing
  1482 | D:3      | Reached skill level 1 in Armour
  1482 | D:3      | Reached skill level 1 in Shields
  1482 | D:3      | Reached skill level 1 in Unarmed Combat
  1482 | D:3      | Reached skill level 1 in Evocations
  1605 | D:3      | Reached skill level 1 in Shapeshifting
  1605 | D:3      | Reached XP level 4. HP: 32/32 MP: 6/11
  1729 | D:3      | Reached skill level 1 in Hexes
  1729 | D:3      | Reached skill level 1 in Summonings
  1729 | D:3      | Reached skill level 1 in Necromancy
  1729 | D:3      | Reached skill level 1 in Translocations
  1729 | D:3      | Reached skill level 1 in Fire Magic
  1729 | D:3      | Reached skill level 1 in Ice Magic
  1729 | D:3      | Reached skill level 1 in Air Magic
  1729 | D:3      | Reached skill level 1 in Earth Magic
  1729 | D:3      | Reached skill level 1 in Alchemy
  1736 | D:3      | Found Etute's Magic Scroll Shop.
  2225 | D:3      | Bought a scroll of identify for 22 gold pieces
  2251 | D:3      | Reached XP level 5. HP: 37/37 MP: 4/12
  2355 | D:3      | Found a blossoming altar of Fedhas.
  2363 | D:3      | Became a worshipper of Fedhas Madash
  2383 | D:3      | Found a white marble altar of Elyvilon.
  2599 | D:4      | Identified the +2 robe of the Equator {rF+ MP+9 Str-5}
  2625 | D:4      | Found a runed translucent door.
  2625 | D:4      | Noticed an ogre
  2640 | D:4      | Killed an ogre
  2641 | D:4      | Reached XP level 6. HP: 12/44 MP: 4/14
  2763 | D:4      | Learned a level 4 spell: Iskenderun's Mystic Blast
  2779 | D:4      | Noticed NotYourErnst's ghost (amateur GrWn)
  2794 | D:4      | Found a runed translucent door.
  2802 | D:4      | Reached skill level 5 in Dodging
  2989 | D:3      | Slain by a river rat

Illustrated notes

Levels and vault maps discovered:
D:1:      eino_arrival_druids_welcome, layout_basic, serial_forest,
          infiniplex_forest_lined_corner, infiniplex_forest_lined_1,
          infiniplex_forest_lined_corner, infiniplex_forest_lined_2,
          infiniplex_forest_join, infiniplex_forest_clump_tiny,
          infiniplex_forest_clump_long
D:2:      layout_basic, shapermc_ecumenical_altar_notcrosses, uniq_sigmund
D:3:      layout_basic, jmf_multi_god_temple2, serial_shops, shop,
          minmay_liquid_box
D:4:      layout_cave_pods, eat_drink_and_be_merry_uskayaw,
          ebering_ghost_sewer_f, uniq_ijyb

Skill      XL: |  1  2  3  4  5  6 |
---------------+-------------------+-----
Spellcasting   | 5 |  5.3
Invocations    | 1 2 |  2.1
Fighting       | 1 2 |  2.0
Short Blades   | 1 2 |  2.0
Long Blades    | 1 2 |  2.0
Axes           | 1 2 |  2.0
Maces & Flails | 1 2 |  2.0
Polearms       | 1 2 |  2.0
Staves         | 1 2 |  2.0
Ranged Weapons | 1 2 |  2.0
Throwing       | 1 2 |  2.0
Armour         | 1 2 |  2.0
Shields        | 1 2 |  2.0
Unarmed Combat | 1 2 |  2.0
Evocations     | 1 2 |  2.0
Shapeshifting  | 1 |  1.7
Hexes          | 1 |  1.5
Summonings     | 1 |  1.5
Necromancy     | 1 |  1.5
Translocations | 1 |  1.5
Fire Magic     | 1 |  1.5
Ice Magic      | 1 |  1.5
Air Magic      | 1 |  1.5
Earth Magic    | 1 |  1.5
Alchemy        | 1 |  1.5
Dodging        | 5 |  5.0
Stealth        | |  4.6
Conjurations   | |  7.3

Action                     |  1- 3 |  4- 6 || total
---------------------------+-------+-------++-------
  Melee: Dagger            |     1 |       ||     1
   Cast: Magic Dart        |    67 |    47 ||   114
         Searing Ray       |     2 |     7 ||     9
    Use: Scroll            |       |     2 ||     2
 Armour: Robe              |     7 |    37 ||    44
  Dodge: Dodged            |    16 |    51 ||    67

Table legend: (Time is in decaauts)
 A = Elapsed time spent in this place.
 B = Non-inter-level travel time spent in this place.
 C = Inter-level travel time spent in this place.
 D = Time resting spent in this place.
 E = Time spent auto-exploring this place.
 F = Levels seen in this place.
 G = Mean time per level.
                   A        B        C        D        E       F      G
               +--------+--------+--------+--------+--------+-----+--------+
         Total |   2994 |   2910 |     84 |    730 |    953 |   4 |  748.5 |
       Dungeon |   2994 |   2910 |     84 |    730 |    953 |   4 |  748.5 |
               +--------+--------+--------+--------+--------+-----+--------+

Top non-repeatable levels by time:
     D:3: 1207 daAuts
     D:1: 1008 daAuts
     D:2: 470 daAuts
     D:4: 307 daAuts
